AoeStats
← IdliDosa

Black Forest

509904836Analyzed
4v4 RM · 4d ago on Sep 28, 2026· 54m 34s· 8 players
Game mode
Random Map
Map size
Large (8 player)
Population
200
Speed
Normal
Resources
Standard
Victory
Conquest
Starting age
Dark Age
Ending age
Imperial Age
RankedLock teamsTeams togetherTeam positionsShared explorationLock speedFull tech treeHidden civsTurbo modeCheats
Victory
Defeat
🇦🇹 Burgundians · Austria
1449
+12
🇦🇹 Romans · Austria
1354
+15
🇨🇳 Varangians · China
1330
+16
🇮🇳 Turks · India
1267
+19
🇩🇪 Saxons · Germany
1355
-16
🇹🇷 Mongols · Türkiye
1347
-16
🇫🇮 Byzantines · Finland
1337
-15
🇳🇴 Vietnamese · Norway
1322
-15
Szorinx
0:26 Loom
10:33 Feudal Age
12:09 Double-Bit Axe
15:22 Castle Age
16:34 Horse Collar
17:07 Bow Saw
20:09 Forging
19:59 Scale Mail Armor
32:21 Wheelbarrow
37:00 Imperial Age
35:14 Iron Casting
34:54 Chain Mail Armor
35:25 Chain Mail Armor
37:05 Hand Cart
36:12 Pikeman
36:53 Squires
37:01 Halberdier
38:46 Plate Mail Armor
38:21 Gold Mining
39:15 Conscription
38:20 Capped Ram
39:15 Shield Wall
41:15 Bow Saw
40:28 Elite Hearth Troop
42:18 Siege Ram
47:06 Town Watch
52:19 Gold Shaft Mining
51:34 Stone Mining
engarvi
1:07 Loom
14:44 Feudal Age
15:13 Double-Bit Axe
15:10 Fishing Lines
21:28 Castle Age
19:26 Fishing Lines
20:59 Gold Mining
22:29 Bow Saw
23:23 Gillnets
24:35 Gold Shaft Mining
23:43 Pikeman
24:58 Scale Mail Armor
28:33 Imperial Age
26:31 Chain Mail Armor
27:35 Forging
27:29 Squires
27:19 Horse Collar
27:39 Stone Mining
30:08 Plate Mail Armor
29:17 Capped Ram
29:46 Elite Varangian Guard
30:42 Heavy Plow
32:04 Wheelbarrow
34:10 Iron Casting
32:58 Siege Ram
33:03 Halberdier
34:32 Arson
35:39 Stone Shaft Mining
36:22 Conscription
36:44 Logistica
38:16 Gambesons
41:34 Elite Skirmisher
44:13 Fletching
43:58 Imperial Skirmisher
Noob
10:51 Feudal Age
11:49 Loom
14:35 Castle Age
13:14 Double-Bit Axe
15:55 Fishing Lines
16:41 Gillnets
20:33 Wheelbarrow
22:30 Horse Collar
31:10 Imperial Age
29:43 Bow Saw
29:34 Heavy Plow
29:52 Hand Cart
29:23 Town Watch
30:00 Chatras
30:08 Scale Barding Armor
32:06 Chain Barding Armor
31:48 Gold Mining
32:22 Paper Money
33:38 Plate Barding Armor
33:27 Forging
33:34 Bloodlines
33:24 Husbandry
32:47 Elite Battle Elephant
32:55 Elite Battle Elephant
34:41 Ballistics
35:22 Chemistry
34:28 Siege Engineers
35:00 Iron Casting
34:17 Fletching
34:57 Bodkin Arrow
35:56 Bracer
36:45 Padded Archer Armor
39:45 Stone Mining
40:28 Thumb Ring
40:51 Elite Rattan Archer
44:26 Leather Archer Armor
44:50 Light Cavalry
Nghtly
3:26 Loom
12:21 Feudal Age
13:55 Double-Bit Axe
17:21 Castle Age
18:40 Fletching
20:00 Bodkin Arrow
20:36 Thumb Ring
24:29 Ballistics
24:43 Padded Archer Armor
26:45 Herbal Medicine
30:34 Fishing Lines
33:26 Imperial Age
30:48 Horse Collar
31:39 Bow Saw
32:37 Wheelbarrow
31:48 Town Watch
32:20 Leather Archer Armor
32:19 Stone Mining
32:53 Bloodlines
32:52 Husbandry
34:17 Hand Cart
34:02 Gold Mining
34:48 Stone Shaft Mining
34:35 Bracer
35:50 Chemistry
35:58 Conscription
36:20 Parthian Tactics
36:32 Elite Mangudai
37:58 Drill
37:10 Heavy Scorpion
38:28 Siege Engineers
39:04 Gold Shaft Mining
39:56 Town Patrol
39:57 Heavy Plow
40:05 Caravan
47:50 Light Cavalry
48:43 Forging
48:38 Scale Barding Armor
48:57 Hussar
50:27 Iron Casting
Mike Hawks Veiny
5:24 Double-Bit Axe
10:55 Feudal Age
14:50 Castle Age
14:46 Bow Saw
14:18 Horse Collar
17:32 Fishing Lines
18:59 Gillnets
22:10 Wheelbarrow
22:46 Loom
23:27 Scale Barding Armor
24:10 Forging
23:58 Cavalier
25:59 Hand Cart
27:03 Chain Barding Armor
26:56 Husbandry
27:32 Iron Casting
27:32 Town Watch
29:39 Town Patrol
33:05 Imperial Age
30:49 Burgundian Vineyards
32:19 Ballistics
32:02 Padded Archer Armor
32:30 Light Cavalry
32:58 Treadmill Crane
33:25 Heavy Plow
33:17 Gold Mining
33:17 Stone Mining
33:20 Fletching
33:12 Elite Coustillier
33:57 Hussar
36:08 Conscription
36:28 Plate Barding Armor
36:54 Blast Furnace
37:53 Two-Man Saw
37:23 Crop Rotation
38:03 Chemistry
39:19 Caravan
39:50 Coinage
39:19 Bodkin Arrow
40:04 Gold Shaft Mining
40:05 Stone Shaft Mining
41:48 Banking
Mike Hawks Harry
2:13 Loom
9:05 Feudal Age
9:34 Man-at-Arms
12:47 Double-Bit Axe
14:33 Town Watch
20:08 Castle Age
19:07 Horse Collar
20:33 Scale Mail Armor
28:32 Fishing Lines
29:33 Fletching
32:14 Wheelbarrow
31:32 Gillnets
32:39 Bow Saw
33:40 Heavy Plow
37:26 Imperial Age
35:18 Forging
35:50 Hand Cart
35:56 Gold Mining
36:28 Chain Mail Armor
38:55 Iron Casting
38:27 Squires
38:17 Long Swordsman
39:31 Caravan
42:10 Blast Furnace
41:06 Capped Ram
42:45 Bodkin Arrow
42:51 Padded Archer Armor
42:45 Elite Skirmisher
43:49 Legionary
44:46 Leather Archer Armor
45:31 Ballistics
49:56 Coinage
55:30 Banking
IdliDosa
12:17 Feudal Age
13:38 Double-Bit Axe
13:41 Horse Collar
16:10 Castle Age
19:13 Bow Saw
20:06 Fishing Lines
21:23 Wheelbarrow
21:31 Wheelbarrow
20:46 Loom
20:49 Town Watch
25:34 Hand Cart
29:54 Imperial Age
28:02 Padded Archer Armor
28:16 Stone Mining
28:17 Gold Mining
30:04 Elite Janissary
31:07 Conscription
32:12 Artillery
33:04 Gold Shaft Mining
32:53 Heavy Plow
36:20 Two-Man Saw
39:15 Fletching
42:29 Ballistics
42:05 Bodkin Arrow
42:54 Leather Archer Armor
51:54 Ring Archer Armor
不会进攻
1:13 Loom
11:55 Feudal Age
13:00 Double-Bit Axe
14:51 Wheelbarrow
18:49 Castle Age
17:34 Fishing Lines
19:48 Gillnets
22:16 Bow Saw
30:42 Imperial Age
28:03 Horse Collar
28:47 Heavy Plow
28:48 Gold Mining
29:22 Squires
29:25 Scale Mail Armor
29:36 Forging
30:03 Hand Cart
29:58 Gambesons
31:05 Chain Mail Armor
30:36 Treadmill Crane
30:44 Elite Varangian Guard
31:52 Conscription
32:38 Plate Mail Armor
32:44 Iron Casting
32:26 Capped Ram
33:47 Gothikon
36:31 Blast Furnace
37:58 Pikeman
38:34 Halberdier
39:45 Fortified Wall
39:47 Masonry
39:43 Caravan
40:43 Arson
42:30 Siege Engineers
42:02 Siege Ram
43:14 Vendel Legacy
43:16 Elite Jarl
45:15 Scale Barding Armor
45:24 Bloodlines
45:15 Husbandry
44:36 Cavalier
45:55 Ballistics
46:06 Architecture
45:31 Murder Holes
46:37 Chemistry
46:28 Chain Barding Armor
47:45 Plate Barding Armor
49:58 Coinage
54:03 Two-Man Saw
53:37 Crop Rotation
Connection lost

Rejoining the realm…

Still unreachable

The connection could not be restored.

Session expired

The server has moved on; the page needs a fresh start.